Description

This build order come from ShaDoWn (6k7 Protoss Player) from a ladder game. It's a DT drop macro build order against a very agressive Zerg Player. The build order is really safe and in this replay, ShaDoWn show us how to deal with speedlings pressure.

Notes :

  • Use your first probe to block the natural expand, as soon as you did it, you can stay in front of the natural expand to check if a zergling pressure is coming
  • Use your first adept to check if the zerg player has cut his gas
  • Only 2 units are needed in defense : Adept and stalker
  • If there is no speedlings pressure: Add 3 gateways after the dark shrine
  • Use your DT to harass your opponent, if he plays with only overseer, you can split your DT in each base
  • Expand after the DT drop and go to a standard zealot/immo/archon army composition
  • Add your forge and start charge after your third base

VOD

https://youtu.be/a-D1kaw5RGY

Replay - Discordance_EC_dt_drop_apres_mass_glings

Build Order

Get SALT Encoding   

  12  0:00  Probe  
  13  0:12  Probe  
  14  0:19  Pylon  
  14  0:24  Probe  
  15  0:33  Probe  
  15  0:39  Gateway  
  15  0:41  Probe  
  16  0:48  Assimilator  
  17  0:52  Probe  
  18  1:00  Pylon  
  18  1:04  Probe  
  19  1:16  Probe  
  20  1:28  Nexus  
  20  1:38  Cybernetics Core  
  20  1:41  Probe  
  20  1:46  Assimilator  
  21  1:53  Probe  
  22  1:55  Pylon  
  22  2:05  Adept  
  27  2:30  Warp Gate  
  27  2:34  Twilight Council  
  27  2:35  Stalker  
  35  3:03  Robotics Facility  
  37  3:19  Dark Shrine  
  38  3:27  Gateway x2  
  39  3:38  Adept  
  39  3:42  Pylon  
  39  3:44  Assimilator  
  39  3:48  Shield Battery  
  44  3:58  Warp Prism  
  46  4:03  Assimilator  
  47  4:10  Pylon  
  49  4:27  Zealot  
  55  4:51  Zealot  
  57  4:52  Gateway  
  57  4:53  Dark Templar x2  
  59  5:12  Dark Templar  
  59  5:14  Gateway  
  59  5:15  Immortal  
  56  5:28  Dark Templar  
  56  5:34  Dark Templar  
  59  5:49  Immortal  
  57  5:55  Nexus  
  62  6:02  Dark Templar  
  64  6:11  Archon x2  
  65  6:17  Charge  
  66  6:20  Forge  
  66  6:32  Immortal  
  68  6:34  Zealot, Cybernetics Core  
  75  6:57  Gateway  
  75  7:06  Immortal  
  75  7:11  Gateway x2  
  79  7:17  Protoss Ground Weapons Level 1  
  79  7:32  Assimilator  
  79  7:37  Sentry x3  
  79  7:38  Gateway, Immortal  
  93  8:00  Photon Cannon  
  93  8:09  Dark Templar x4  
  99  8:19  Photon Cannon  
  99  8:22  Archon x2  
  99  8:25  Photon Cannon  
  101  8:27  Shield Battery  
  102  8:35  Observer  
  102  8:38  Assimilator x2  
  105  8:42  Zealot x2  
  105  8:47  Archon x2  
  110  9:06  Photon Cannon  
  111  9:14  Zealot x4  
  123  9:19  Archon  
  125  9:36  Zealot  
  133  9:39  Archon  
  133  9:50  Protoss Ground Weapons Level 2  
Spawning Tool Build Advisor. Get it on Overwolf

Go to:

Details

  • Created by: zuka      
  • Published on: May 03, 2019
  • Modified on: May 17, 2019
  • Patch: 4.7.1
Show
View Real Time Build Order
Export as new Build Order

Comments (0)

There are no comments. Be the first!

Create an account to comment!